AoeStats
← iqks3264

Fortress

510564993Analyzed
1v1 RM · 1d ago on Oct 1, 2026· 64m 54s· 2 players
Game mode
Random Map
Map size
Small (3 player)
Population
200
Speed
Normal
Resources
Standard
Victory
Conquest
Starting age
Dark Age
Ending age
Imperial Age
RankedLock teamsTeams togetherTeam positionsShared explorationLock speedFull tech treeHidden civsTurbo modeCheats
Victory
Defeat
🇬🇷 Burgundians · Greece
682
+14
🇮🇳 Huns · India
639
-14
iqks3264
8:02 Feudal Age
8:33 Double-Bit Axe
8:44 Horse Collar
14:47 Castle Age
16:15 Bow Saw
16:50 Scale Barding Armor
17:30 Wheelbarrow
17:36 Gold Mining
17:36 Stone Mining
20:57 Chain Barding Armor
21:34 Marauders
22:27 Heavy Plow
23:40 Husbandry
24:43 Gold Shaft Mining
25:06 Bloodlines
26:45 Hand Cart
26:16 Loom
28:06 Forging
31:48 Imperial Age
31:28 Iron Casting
33:14 Plate Barding Armor
34:11 Ballistics
34:53 Chemistry
34:59 Blast Furnace
33:55 Fletching
34:05 Padded Archer Armor
34:42 Cavalier
36:26 Conscription
36:14 Squires
35:35 Pikeman
38:43 Man-at-Arms
39:03 Elite Tarkan
40:16 Long Swordsman
42:21 Parthian Tactics
43:31 Heavy Cavalry Archer
45:20 Leather Archer Armor
45:00 Bodkin Arrow
48:27 Bracer
52:08 Murder Holes
52:23 Masonry
51:49 Capped Ram
53:15 Paladin
56:29 Scale Mail Armor
60:06 Siege Ram
61:30 Coinage
ser1980letis
0:31 Loom
1:22 Wheelbarrow
7:15 Feudal Age
5:52 Double-Bit Axe
7:25 Horse Collar
8:36 Bow Saw
9:23 Heavy Plow
14:50 Gold Mining
17:33 Castle Age
16:19 Gold Shaft Mining
16:07 Stone Mining
16:31 Forging
16:27 Scale Barding Armor
17:17 Scale Mail Armor
17:09 Fletching
18:47 Hand Cart
18:18 Town Watch
19:26 Husbandry
19:45 Pikeman
20:04 Cavalier
21:59 Fervor
26:44 Imperial Age
24:24 Light Cavalry
26:10 Crop Rotation
26:20 Iron Casting
26:07 Chain Barding Armor
25:56 Burgundian Vineyards
28:32 Conscription
30:16 Blast Furnace
29:53 Plate Barding Armor
32:11 Chemistry
31:19 Paladin
32:32 Elite Coustillier
34:55 Halberdier
35:39 Squires
36:35 Chain Mail Armor
46:34 Elite Skirmisher
57:33 Flemish Revolution
58:51 Plate Mail Armor
58:17 Bodkin Arrow
60:38 Bracer
Connection lost

Rejoining the realm…

Still unreachable

The connection could not be restored.

Session expired

The server has moved on; the page needs a fresh start.